Map: Acid Plant LE

Players

Stephano - Winner!

  • Race: Zerg Zerg
  • Spawn Location: 11:00

Zanster

  • Race: Zerg Zerg
  • Spawn Location: 5:00

Event: WCS Leipzig 2018

VOD

Have the link to the VOD?

Description

Time

  • Played on: Jan. 26, 2018, 10:03 a.m.
  • Length: 7:44

All games in this series

Show
View Real Time Build Order
Export as new Build Order

Stephano Zerg - Winner!

Build Orders: Hatch First 

Get SALT Encoding   

  12  0:00  Drone  
  13  0:13  Overlord  
  13  0:17  Drone  
  14  0:31  Drone x2  
  14  0:35  Drone  
  17  0:52  Hatchery  
  17  0:54  Drone  
  17  0:57  Drone  
  18  1:09  Extractor  
  17  1:12  Spawning Pool  
  17  1:15  Drone  
  17  1:19  Drone  
  18  1:29  Drone  
  19  1:39  Overlord  
  19  1:51  Drone  
  20  1:59  Queen  
  22  2:01  Drone  
  22  2:03  Queen  
  22  2:07  Zergling x2  
  26  2:10  Metabolic Boost  
  26  2:11  Drone  
  26  2:15  Drone  
  28  2:22  Drone  
  29  2:25  Drone  
  30  2:33  Drone  
  30  2:35  Queen  
  33  2:40  Drone  
  33  2:41  Baneling Nest  
  33  2:45  Drone  
  34  2:57  Zergling x2  
  35  2:58  Hatchery  
  35  3:00  Overlord  
  35  3:05  Zergling x2  
  35  3:07  Drone  
  36  3:19  Drone x4  
  40  3:20  Overlord  
  40  3:28  Baneling x2, Zergling x2  
  40  3:29  Zergling x2  
  40  3:30  Drone x2  
  40  3:33  Baneling  
  44  3:40  Zergling x4  
  46  3:46  Zergling x8  
  50  3:49  Drone x2  
  50  3:50  Overlord  
  50  3:53  Extractor  
  50  4:00  Zergling x4  
  45  4:16  Drone  
  45  4:19  Zergling x8  
  45  4:22  Drone x2  
  51  4:24  Drone x2  
  51  4:25  Drone  
  51  4:26  Drone x2  
  51  4:27  Queen  
  58  4:32  Roach Warren  
  58  4:33  Baneling x2  
  58  4:38  Drone x2  
  59  4:45  Drone x2, Overlord  
  59  4:56  Drone, Overlord x2  
  60  5:06  Overlord  
  52  5:16  Roach x8  
  67  5:24  Roach, Extractor  
  67  5:28  Roach x4  
  75  5:36  Roach, Overlord  
  75  5:38  Roach  
  75  5:42  Roach x2  
  87  5:50  Roach x3  
  89  6:02  Zergling x18  
  97  6:14  Ravager x2, Evolution Chamber  
  97  6:15  Ravager x2  
  97  6:16  Zergling x2  
  97  6:17  Zergling x4  
  103  6:19  Zergling x6  
  103  6:21  Overlord x2  
  98  6:34  Zergling x14  
  96  6:41  Zergling x2  
  96  6:42  Zergling x2  
  97  6:50  Zergling x6  
  97  6:51  Zergling x10  
  95  6:58  Zergling x8  
  95  6:59  Zergling x2  
  90  7:13  Zergling x6  
  86  7:22  Zergling x2  
  86  7:23  Zergling x10  
Show
View Real Time Build Order
Export as new Build Order

Zanster Zerg 

Build Orders: Hatch First 

Get SALT Encoding   

  12  0:01  Drone  
  13  0:13  Overlord  
  13  0:17  Drone  
  14  0:32  Drone x2  
  16  0:35  Drone  
  17  0:52  Hatchery  
  17  0:55  Drone  
  17  0:58  Drone  
  18  1:08  Extractor  
  17  1:13  Spawning Pool  
  17  1:16  Drone  
  17  1:19  Drone  
  18  1:29  Drone  
  19  1:40  Drone  
  20  1:51  Overlord  
  20  2:04  Queen x2  
  20  2:07  Drone x2  
  26  2:11  Metabolic Boost  
  26  2:12  Drone  
  26  2:14  Drone  
  28  2:25  Zergling x4  
  30  2:36  Zergling x2  
  31  2:39  Drone  
  31  2:40  Queen  
  34  2:45  Overlord  
  34  2:51  Drone  
  34  2:52  Hatchery  
  34  2:56  Drone  
  35  3:00  Overlord  
  35  3:13  Zergling x12  
  35  3:14  Zergling x2  
  35  3:16  Zergling x2  
  43  3:25  Baneling Nest  
  42  3:29  Zergling x2  
  42  3:32  Drone  
  44  3:35  Drone x2  
  46  3:42  Overlord x2  
  46  3:44  Drone  
  46  3:45  Drone  
  46  3:46  Drone  
  48  3:50  Drone  
  50  3:55  Drone  
  50  3:56  Drone  
  50  4:00  Drone  
  50  4:02  Drone  
  49  4:07  Drone x3  
  52  4:11  Baneling x2  
  50  4:18  Zergling x6  
  50  4:20  Queen  
  52  4:25  Overlord  
  52  4:31  Extractor  
  51  4:32  Evolution Chamber  
  51  4:33  Drone x2  
  51  4:36  Extractor  
  51  4:37  Drone, Roach Warren  
  51  4:41  Baneling x2  
  51  4:42  Drone x4  
  51  4:44  Drone  
  51  4:45  Drone  
  56  4:47  Drone  
  56  4:50  Zergling x2  
  56  4:51  Zergling x2  
  59  4:59  Drone x4  
  60  5:09  Zergling x2  
  60  5:10  Zergling x14  
  60  5:14  Overlord  
  64  5:17  Zergling x6  
  64  5:18  Zerg Missile Weapons Level 1  
  64  5:25  Overlord  
  64  5:28  Baneling x2  
  62  5:30  Lair  
  62  5:32  Drone x3  
  62  5:33  Drone  
  68  5:45  Roach  
  68  5:46  Roach x4  
  68  5:49  Roach x2  
  80  5:51  Roach  
  80  5:54  Overlord  
  80  5:56  Roach  
  84  5:58  Roach  
  84  6:02  Roach x2  
  89  6:05  Roach  
  89  6:08  Overlord  
  91  6:15  Roach x3  
  97  6:18  Queen  
  97  6:20  Roach  
  97  6:21  Roach, Zergling x2  
  95  6:37  Roach x4  
  90  6:49  Roach x4  
  90  6:53  Roach x2, Zergling x4  
  90  6:54  Zergling x4, Queen  
  76  7:02  Roach  
  76  7:03  Roach x2  
  72  7:13  Roach  
  70  7:18  Roach  
  70  7:22  Roach  
Tags
 
Add a new tag
Caveats
  • Supply blocks, unpowered buildings, or Contaminate may cause inaccurate times.
  • Supply counts are checked every 10 seconds.